 Dungeon Sprint DCSS version 0.22-a0-96-g7cd46d36cf (webtiles) character file.

5240 Repeat the Bludgeoner (level 10, -14/70 HPs)
             Began as a Demonspawn Berserker on Jan 25, 2018.
             Was a High Priest of Trog.
             Demolished by a komodo dragon (16 damage)
             ... in the Dungeon (Sprint IX: "|||||||||||||||||||||||||||||").
             The game lasted 00:02:10 (1228 turns).

Repeat the Bludgeoner (Demonspawn Berserker)        Turns: 1228, Time: 00:02:11

Health: -14/70     AC: 17    Str: 19    XL:     10   Next: 35%
Magic:  10/10      EV: 12    Int:  9    God:    Trog [*****.]
Gold:   0          SH:  0    Dex: 17    Spells: 9/9 levels left

rFire    . . .     SeeInvis +   m - +2 dire flail (protect)
rCold    + . .     Gourm    .   (shield currently unavailable)
rNeg     . . .     Faith    .   o - +1 scale mail
rPois    .         Spirit   .   (helmet unavailable)
rElec    .         Reflect  .   (no cloak)
rCorr    .         Harm     .   (no gloves)
MR       .....     NoTele   +   n - +0 pair of boots
Stlth    ..........             (no amulet)
HPRegen  0.21/turn              q - +2 ring of evasion
MPRegen  0.12/turn              p - +3 ring of dexterity

@: lethally poisoned (-14 -> -14), protection aura, berserk cooldown, slowed,
very slow
A: antennae 3, icy blue scales 1, cold resistance 1, demonic guardian 1,
freezing cloud immunity
a: Berserk, Trog's Hand, Brothers in Arms, Burn Spellbooks, Renounce Religion


You were in the Dungeon.
You worshipped Trog.
Trog was extremely pleased with you.
You were very hungry.

You visited 1 branch

Inventory:

Hand Weapons
 a - a +0 mace
 m - a +2 dire flail of protection (weapon)
Armour
 b - a +0 animal skin
 n - a +0 pair of boots (worn)
 o - a +1 scale mail (worn)
Jewellery
 p - a +3 ring of dexterity (right hand)
 q - a +2 ring of evasion (left hand)
Wands
 l - a wand of iceblast (10)
Scrolls
 i - 2 scrolls of blinking
 k - 3 scrolls of remove curse
 u - a scroll of fog
 v - 2 scrolls of fear
 w - 2 scrolls of enchant armour
 x - 2 scrolls of enchant weapon
Potions
 d - 5 potions of curing
 e - 9 potions of heal wounds
 f - 2 potions of haste
 g - 4 potions of magic
 h - a potion of berserk rage
 j - a potion of invisibility
 r - a potion of resistance
 s - a potion of flight
Books
 t - Jadghuj's Almanac of the Sinister Entourage
   (You found it in the Dungeon)

   Spells                             Type                      Level
   a - Dispel Undead                  Necromancy                   5
   b - Simulacrum                     Ice/Necromancy               6
   c - Dragon's Call                  Summoning                    9
   Trog disapproves of the use of such an item.
Comestibles
 c - a ration


   Skills:
 - Level 3.0 Fighting
 + Level 20.7 Maces & Flails
 - Level 1.7 Armour
 - Level 1.7 Dodging


You had 9 spell levels left.
You didn't know any spells.

Dungeon Overview and Level Annotations

Branches:
Dungeon (1/1)

Altars:
Cheibriados
Dithmenos
Elyvilon
Fedhas
Gozag
Hepliaklqana
Kikubaaqudgha
Makhleb
Nemelex Xobeh
Okawaru
Qazlal
Ru
Sif Muna
Trog
Uskayaw
Vehumet
Wu Jian
Xom
Yredelemnul
Zin
The Shining One
Beogh
Jiyva
Lugonu


Innate Abilities, Weirdness & Mutations

You have a pair of large antennae on your head. (SInv)
You are partially covered in icy blue scales. (AC +2)
Your flesh is cold resistant. (rC+)
A weak demonic guardian rushes to your aid.
You are immune to freezing clouds.


Message History

Your shadow imp dies!
You feel sick. The komodo dragon bites you.
* * * LOW HITPOINT WARNING * * *
You thump the komodo dragon!
Your weapon exudes an aura of protection.
The komodo dragon is lightly wounded.
The komodo dragon bites you!
* * * LOW HITPOINT WARNING * * *
Unknown command.
You sock the komodo dragon!
The komodo dragon is moderately wounded.
The komodo dragon bites you but does no damage.
Unknown command.
You sock the komodo dragon!
The komodo dragon is severely wounded.
You feel sick.
You barely miss the komodo dragon.
The komodo dragon is severely wounded.
The komodo dragon bites you!
You die...

{
▓'▓.▓_▓
{
▓÷▓.▓_▓
{
▓.▓.▓_▓
{
▓÷▓.▓_▓
{
▓.▓.▓_▓
{
▓.▓.▓_▓
▓.▓.▓_▓
{
▓5▓.▓_▓
{
▓@▓.▓_▓
{
▓l▓.▓_▓
{
▓F▓.▓_▓
{
▓r▓.▓_▓
{
▓.▓.▓_▓
{
▓.▓.▓_▓
{
▓.▓.▓_▓
{
▓.▓.▓_▓
{
▓.▓.▓_▓


You could see a komodo dragon, a bullfrog, a porcupine and a friendly quasit.

Vanquished Creatures
  3 hydras (D)
  A catoblepas (D)
  A black mamba (D)
  3 spiny frogs (D)
  A wyvern (D)
  A yak (D)
  3 porcupines (D)
  2 ice beasts (D)
  A sky beast (D)
  A phantom (D)
  A wolf (D)
  5 crocodiles (D)
  2 crimson imps (D)
  A worker ant (D)
  2 shadow imps (D)
  An adder skeleton (D)
  A dart slug (D)
  A bat skeleton (D)
  2 goblins (D)
  A hobgoblin (D)
  A ball python (D)
  A jackal skeleton (D)
36 creatures vanquished.

Vanquished Creatures (collateral kills)
  A leopard gecko (D)
1 creature vanquished.

Grand Total: 37 creatures vanquished

Notes
Turn   | Place    | Note
-------+----------+-------------------------------------------
     0 | D        | Repeat the Demonspawn Berserker began the quest for the Orb.
     0 | D        | Reached XP level 1. HP: 18/18 MP: 1/1
     5 | D        | Reached skill level 3 in Maces & Flails
     8 | D        | Reached skill level 4 in Maces & Flails
     9 | D        | Reached ** piety under Trog
   176 | D        | Noticed a worker ant
   176 | D        | Noticed an ice beast
   176 | D        | Noticed a phantom
   176 | D        | Noticed a crimson imp
   179 | D        | Killed a worker ant
   179 | D        | Reached skill level 6 in Maces & Flails
   179 | D        | Gained mutation: You are partially covered in icy blue scales. (AC +2) [demonic ancestry]
   179 | D        | Reached XP level 2. HP: 24/24 MP: 2/2
   179 | D        | Gained mutation: Your flesh is cold resistant. (rC+) [demonic ancestry]
   179 | D        | Reached XP level 3. HP: 29/29 MP: 3/3
   185 | D        | Killed a phantom
   185 | D        | Reached *** piety under Trog
   185 | D        | Reached skill level 9 in Maces & Flails
   185 | D        | Gained mutation: You have a pair of small antennae on your head. [demonic ancestry]
   185 | D        | Reached XP level 4. HP: 31/35 MP: 4/4
   189 | D        | Killed an ice beast
   189 | D        | Reached skill level 10 in Maces & Flails
   189 | D        | Gained mutation: A weak demonic guardian rushes to your aid. [demonic ancestry]
   189 | D        | Reached XP level 5. HP: 37/41 MP: 5/5
   194 | D        | Reached skill level 11 in Maces & Flails
   404 | D        | Found a roughly hewn altar of Beogh.
   404 | D        | Found a snail-covered altar of Cheibriados.
   404 | D        | Found a shadowy altar of Dithmenos.
   404 | D        | Found a white marble altar of Elyvilon.
   404 | D        | Found a blossoming altar of Fedhas.
   404 | D        | Found an opulent altar of Gozag.
   405 | D        | Found a hazy altar of Hepliaklqana.
   406 | D        | Found a viscous altar of Jiyva.
   407 | D        | Found an ancient bone altar of Kikubaaqudgha.
   408 | D        | Found a corrupted altar of Lugonu.
   409 | D        | Found a burning altar of Makhleb.
   410 | D        | Found a sparkling altar of Nemelex Xobeh.
   411 | D        | Found an iron altar of Okawaru.
   412 | D        | Found a stormy altar of Qazlal.
   413 | D        | Found a sacrificial altar of Ru.
   414 | D        | Found a deep blue altar of Sif Muna.
   415 | D        | Found a bloodstained altar of Trog.
   416 | D        | Found a hide-covered altar of Uskayaw.
   417 | D        | Found a radiant altar of Vehumet.
   418 | D        | Found an ornate altar of the Wu Jian Council.
   419 | D        | Found a shimmering altar of Xom.
   420 | D        | Found a basalt altar of Yredelemnul.
   421 | D        | Found a glowing silver altar of Zin.
   422 | D        | Found a glowing golden altar of the Shining One.
   467 | D        | Noticed an ice beast
   467 | D        | Noticed a sky beast
   467 | D        | Noticed a yak
   479 | D        | Killed an ice beast
   479 | D        | Reached **** piety under Trog
   479 | D        | Reached skill level 12 in Maces & Flails
   479 | D        | Reached XP level 6. HP: 47/47 MP: 6/6
   487 | D        | Killed a sky beast
   487 | D        | Received a gift from Trog
   487 | D        | Reached skill level 13 in Maces & Flails
   500 | D        | Killed a yak
   500 | D        | Gained mutation: You have a pair of antennae on your head. [demonic ancestry]
   500 | D        | Reached XP level 7. HP: 39/52 MP: 7/7
   572 | D        | Noticed a four-headed hydra
   572 | D        | Noticed a catoblepas
   578 | D        | Killed a four-headed hydra
   578 | D        | Reached ***** piety under Trog
   578 | D        | Reached skill level 16 in Maces & Flails
   578 | D        | Gained mutation: You have a pair of large antennae on your head. (SInv) [demonic ancestry]
   578 | D        | Reached XP level 8. HP: 58/58 MP: 8/8
   594 | D        | Killed a catoblepas
   594 | D        | Reached skill level 17 in Maces & Flails
   594 | D        | Reached XP level 9. HP: 63/63 MP: 9/9
   596 | D        | Received a gift from Trog
   783 | D        | Identified Jadghuj's Almanac of the Sinister Entourage
   795 | D        | Noticed a spiny frog
   795 | D        | Noticed a spiny frog
   800 | D        | Noticed a spiny frog
   800 | D        | Killed a spiny frog
   801 | D        | Reached skill level 18 in Maces & Flails
   806 | D        | Noticed a six-headed hydra
   810 | D        | Killed a spiny frog
   828 | D        | Killed a six-headed hydra
   828 | D        | Reached skill level 19 in Maces & Flails
   832 | D        | Killed a spiny frog
   832 | D        | Received a gift from Trog
  1179 | D        | Noticed a black mamba
  1179 | D        | Noticed a four-headed hydra
  1182 | D        | Noticed a komodo dragon
  1184 | D        | Gained mutation: You are immune to freezing clouds. [demonic ancestry]
  1184 | D        | Reached XP level 10. HP: 70/70 MP: 10/10
  1208 | D        | Killed a four-headed hydra
  1208 | D        | Reached skill level 20 in Maces & Flails
  1211 | D        | Killed a black mamba
  1216 | D        | Received a gift from Trog
  1225 | D        | HP: 3/70 [komodo dragon (9)]
  1228 | D        | Demolished by a komodo dragon

Vault maps used:
D:        linesprint

Skill      XL: |  1  2  3  4  5  6  7  8  9 10 |
---------------+-------------------------------+-----
Maces & Flails | 6 9 10 12 13 16 17 19 20 | 20.7
Fighting       | |  3.0
Armour         | |  1.7
Dodging        | |  1.7

Action                   |  1- 3 |  4- 6 |  7- 9 | 10-12 || total
-------------------------+-------+-------+-------+-------++-------
Melee: Mace              |    15 |     9 |       |       ||    24
       Dire flail        |       |    30 |    52 |    39 ||   121
Invok: Berserk           |     2 |     1 |     3 |       ||     6
  Eat: Chunk             |       |       |     5 |       ||     5
Armor: Animal skin       |     2 |     3 |       |       ||     5
       Scale mail        |       |     6 |    14 |     5 ||    25
Dodge: Dodged            |     5 |    15 |    11 |     6 ||    37

Table legend:
 A = Spawn XP
 B = Non-spawn XP
 C = Spawn XP percentage of total XP
 D = Spawn monster count
 E = Non-spawn monster count
 F = Spawn count percentage of total count
 G = Total turns spent on level
                    A         B        C        D         E        F      G
               +---------+---------+-------+---------+---------+-------+---------
         Total |       0 |    7486 |   0.0 |       0 |      37 |   0.0 |  1228
               +---------+---------+-------+---------+---------+-------+---------
             D |       0 |    7486 |   0.0 |       0 |      37 |   0.0 |  1228
               +---------+---------+-------+---------+---------+-------+---------
